AoeStats
← Clueless Clown

Black Forest

503273031Analyzed
4v4 RM · 1mo ago on Aug 30, 2026· 36m 56s· 8 players
Game mode
Random Map
Map size
Large (8 player)
Population
200
Speed
Normal
Resources
Standard
Victory
Conquest
Starting age
Dark Age
Ending age
Imperial Age
RankedLock teamsTeams togetherTeam positionsShared explorationLock speedFull tech treeHidden civsTurbo modeCheats
Victory
Defeat
🇫🇷 Huns · France
1043
+15
🇺🇦 Franks · Ukraine
1010
+17
🇺🇦 Celts · Ukraine
1009
+17
🇮🇪 Ethiopians · Ireland
997
+17
🇬🇧 Wei · United Kingdom
1047
-18
🇨🇱 Khmer · Chile
1031
-17
🇺🇸 Malay · United States
1017
-16
🇺🇸 Bohemians · United States
1004
-16
Merayo6957
0:28 Loom
13:37 Feudal Age
19:14 Castle Age
17:18 Stone Mining
17:35 Double-Bit Axe
18:33 Gold Mining
19:08 Horse Collar
21:37 Wheelbarrow
26:13 Hand Cart
26:55 Bow Saw
26:48 Heavy Plow
27:25 Gold Shaft Mining
28:28 Town Watch
30:24 Stone Shaft Mining
32:48 Imperial Age
35:29 Chemistry
34:40 Fortified Wall
ДБР
11:06 Feudal Age
9:54 Loom
11:33 Horse Collar
11:40 Double-Bit Axe
16:38 Stone Mining
21:44 Castle Age
20:42 Man-at-Arms
21:35 Forging
23:09 Heavy Plow
23:33 Bow Saw
24:34 Arson
24:45 Gambesons
25:03 Scale Mail Armor
26:07 Gold Mining
26:04 Long Swordsman
29:05 Gold Shaft Mining
31:58 Imperial Age
30:49 Wheelbarrow
31:15 Town Watch
31:47 Hand Cart
33:42 Two-Handed Swordsman
35:01 Iron Casting
34:42 Chain Mail Armor
35:22 Conscription
elian.chess
2:44 Loom
2:49 Loom
10:38 Feudal Age
16:06 Castle Age
14:14 Horse Collar
14:38 Double-Bit Axe
22:45 Heavy Plow
23:12 Bow Saw
24:53 Scale Barding Armor
24:59 Forging
25:31 Gold Mining
26:52 Chain Barding Armor
27:07 Iron Casting
28:26 Gold Shaft Mining
30:37 Imperial Age
28:47 Wheelbarrow
27:57 Town Watch
28:40 Marauders
28:42 Husbandry
28:52 Bloodlines
32:09 Plate Barding Armor
33:16 Blast Furnace
32:35 Hand Cart
32:22 Elite Tarkan
34:43 Conscription
35:04 Caravan
gogrr
11:29 Feudal Age
11:55 Double-Bit Axe
17:54 Castle Age
16:48 Loom
17:39 Wheelbarrow
19:11 Bow Saw
23:52 Husbandry
24:36 Gold Mining
25:08 Forging
27:28 Gold Shaft Mining
29:54 Scale Mail Armor
30:45 Town Watch
31:19 Hand Cart
33:10 Iron Casting
32:52 Chain Mail Armor
32:42 Scale Barding Armor
32:42 Town Patrol
Clueless Clown
10:40 Feudal Age
12:37 Loom
14:56 Castle Age
12:52 Double-Bit Axe
13:01 Horse Collar
13:23 Fishing Lines
16:12 Castle Age
18:05 Bow Saw
19:34 Fervor
20:57 Fishing Lines
23:53 Wheelbarrow
23:27 Gillnets
23:59 Heavy Plow
24:48 Hand Cart
26:47 Sanctity
26:33 Treadmill Crane
27:14 Ballistics
27:54 Chemistry
31:05 Imperial Age
29:41 Murder Holes
31:07 Wagenburg Tactics
31:27 Scale Mail Armor
31:37 Forging
32:01 Guilds
31:52 Caravan
31:32 Houfnice
32:53 Chain Mail Armor
32:01 Pikeman
32:42 Squires
32:27 Arson
35:10 Two-Man Saw
33:55 Halberdier
archoel
0:26 Loom
14:08 Feudal Age
20:12 Castle Age
18:41 Stone Mining
19:45 Double-Bit Axe
33:58 Imperial Age
32:43 Squires
Kroggan
0:58 Loom
12:08 Feudal Age
18:12 Castle Age
16:47 Double-Bit Axe
16:59 Horse Collar
20:04 Bow Saw
25:34 Gold Mining
26:33 Wheelbarrow
31:37 Imperial Age
31:58 Scale Barding Armor
33:28 Chemistry
33:01 Ballistics
33:05 Conscription
32:48 Double Crossbow
34:23 Fletching
35:29 Fortified Wall
Horahlooks
2:51 Loom
15:17 Feudal Age
17:24 Fishing Lines
22:40 Castle Age
20:51 Double-Bit Axe
21:23 Horse Collar
22:04 Fishing Lines
22:32 Gold Mining
22:54 Stone Mining
23:35 Bow Saw
24:52 Wheelbarrow
24:04 Town Watch
25:03 Gillnets
25:30 Heavy Plow
27:00 Gold Shaft Mining
28:37 Hand Cart
Connection lost

Rejoining the realm…

Still unreachable

The connection could not be restored.

Session expired

The server has moved on; the page needs a fresh start.